 Dungeon Crawl Stone Soup version 0.30-a0-4-ga7cffc901d (webtiles) character file.

Game seed: 4088757303118785181

6 drpainis the Caller (level 1, 0/14 HPs)
             Began as a Merfolk Summoner on Aug 20, 2022.
             Slain by a jackal (1 damage)
             ... on level 1 of the Dungeon.
             The game lasted 00:00:48 (664 turns).

drpainis the Caller (Merfolk Summoner)               Turns: 664, Time: 00:00:48

Health: 0/14       AC:  2    Str:  8    XL:     1   Next: 90%
Magic:  1/3        EV: 12    Int: 14    God:
Gold:   22         SH:  0    Dex: 14    Spells: 3/4 levels left

rFire   . . .      SeeInvis .    (no weapon)
rCold   . . .      Faith    .    (no shield)
rNeg    . . .      Spirit   .    a - +0 robe
rPois   .          Reflect  .    (no helmet)
rElec   .          Harm     .    (no cloak)
rCorr   .          Rampage  .    (no gloves)
Will    .....                    (no boots)
Stlth   ++........               (no amulet)
HPRegen 0.04/turn                (no ring)
MPRegen 0.08/turn                (no ring)

@: no status effects
A: (nimble swimmer 2), mertail
a: no special abilities


You were on level 1 of the Dungeon.
You visited 1 branch of the dungeon, and saw 1 of its levels.

You collected 22 gold pieces.

Inventory:

Armour
 a - a +0 robe (worn)
Jewellery
 e - an amulet of regeneration
Potions
 b - a potion of magic
 c - a potion of attraction {unknown}
 d - a potion of flight {unknown}


   Skills:
 + Level 0.4 Fighting
 + Level 2.6 Dodging
 + Level 2.1 Stealth
 + Level 2.2 Spellcasting
 + Level 4.1 Summonings


You had 3 spell levels left.
You knew the following spells:

 Your Spells              Type           Power      Damage    Failure   Level
a - Summon Small Mammal   Summ           52%        N/A       4%          1

Your spell library contained the following spells:

 Spells                   Type           Power      Damage    Failure   Level
 Call Imp                 Summ           13%        N/A       6%          2
 Call Canine Familiar     Summ           13%        N/A       13%         3
 Summon Guardian Golem    Hex/Summ       7%         N/A       30%         3
 Summon Lightning Spire   Summ/Air       7%         N/A       69%         4


Dungeon Overview and Level Annotations

Branches:
Dungeon (1/15)

Altars:


Innate Abilities, Weirdness & Mutations

((You are very nimble when in or above water. (Stealth+, EV+, Speed+++)))
Your lower body shifts to a powerful aquatic tail in water.


Message History

Unknown command.
The jackal attacks as you move away! The jackal closely misses you.
The jackal attacks as you move away! The jackal barely misses you.
Your bat hits the jackal but does no damage.
The jackal barely misses your bat. x2; Your bat misses the jackal.
Your rat bites the jackal.
Your bat misses the jackal.
Your bat hits the jackal but does no damage.
The jackal barely misses your bat. The jackal closely misses your bat.
Your bat hits the jackal but does no damage.
The jackal attacks as you move away! The jackal closely misses you.
Your bat barely misses the jackal.
Your bat closely misses the jackal.
Your bat closely misses the jackal.
The jackal bites you.
* * * LOW HITPOINT WARNING * * *
Your bat hits the jackal but does no damage.
The jackal attacks as you move away! The jackal barely misses you.
Your bat barely misses the jackal.
The jackal misses you.
Casting: Summon Small Mammal (safe; 4% risk of failure)
Confirm with . or Enter, or press ? or * to list all spells.
Your rat disappears in a puff of smoke!
Your bat completely misses the jackal.
The jackal bites you but does no damage.
The jackal barely misses you.
Your bat misses the jackal.
Casting: Summon Small Mammal (safe; 4% risk of failure)
Confirm with . or Enter, or press ? or * to list all spells.
You don't know that spell.
Your bat hits the jackal but does no damage.
The jackal bites you but does no damage.
Your quokka closely misses the jackal.
Your quokka bites the jackal.
The jackal dies!
Your bat misses the jackal. The jackal barely misses you.
The jackal barely misses you.
You hit the jackal but do no damage. The jackal bites you.
* * * LOW HITPOINT WARNING * * *
Your quokka closely misses the jackal.
The jackal bites you.
* * * LOW HITPOINT WARNING * * *
You completely miss the jackal. Your quokka misses the jackal.
The jackal bites you.
You die...

#### #.. ##.#######
########## #.........
.........###..#######
########......######
#..#..........
#..@b.......##
##h#..##.#### #r#..#
.# # ###.#†.##...#
#............
##.#####.##### #..#
#.#...# #..# #.'.<.#
######..# #.#...#


You could see a jackal (ally target), a friendly quokka (summoned) and a
friendly bat (summoned).

Vanquished Creatures (collateral kills)
  A bat (D:1)
  A jackal (D:1)
  A quokka (D:1)
  A frilled lizard (D:1)
  2 kobolds (D:1)
6 creatures vanquished.

Notes
Turn   | Place    | Note
-------+----------+-------------------------------------------
     0 | D:1      | drpainis the Merfolk Summoner began the quest for the Orb.
     0 | D:1      | Reached XP level 1. HP: 13/13 MP: 3/3
   664 | D:1      | Slain by a jackal

Illustrated notes

Levels and vault maps discovered:
D:1:      minmay_arrival_four_houses, layout_loops_ring,
          ebering_ecumenical_altar_sacrificial, serial_shops, shop

Action                   || total
-------------------------++-------
Melee: Unarmed           ||    26
 Cast: Summon Small Mamm ||    14
Armor: Robe              ||    14
Dodge: Dodged            ||    39

Table legend: (Time is in decaauts)
 A = Elapsed time spent in this place.
 B = Non-inter-level travel time spent in this place.
 C = Inter-level travel time spent in this place.
 D = Time resting spent in this place.
 E = Time spent auto-exploring this place.
 F = Levels seen in this place.
 G = Mean time per level.
                   A        B        C        D        E       F      G
               +--------+--------+--------+--------+--------+-----+--------+
         Total |    664 |    664 |      0 |     46 |    501 |   1 |  664.0 |
       Dungeon |    664 |    664 |      0 |     46 |    501 |   1 |  664.0 |
               +--------+--------+--------+--------+--------+-----+--------+

Top non-repeatable levels by time:
     D:1: 664 daAuts
